[Event "14th Margaryan Memorial-IM 2024"]
[Site "Yerevan"]
[Date "2024.01.08"]
[Round "1.6"]
[White "Lomsadze, Davit"]
[Black "Zakaryan, David"]
[Result "1-0"]
[ECO "A08"]
[WhiteElo "2253"]
[BlackElo "2299"]
[Annotator "RC"]
[PlyCount "103"]
[EventDate "2024.01.08"]
[EventType "tourn"]
[EventCountry "ARM"]
[SourceTitle "playchess.com"]
[Source "ChessBase"]
[SourceQuality "1"]
[TimeControl "40/5400+30:1800+30"]

1. Nf3 d5 2. g3 Nf6 3. Bg2 c5 4. O-O Nc6 5. d3 e5 6. Bg5 Be7 7. e4 d4 8. a4 Be6 9. Na3 Nd7 10. Bxe7 Qxe7 11. Qd2 f6 12. Nh4 O-O-O 13. Nf5 Qf8 14. a5 Ndb8 15. f4 Na6 16. Nh4 Nab4 17. b3 Kb8 18. a6 Nxa6 19. fxe5 Nxe5 20. Nf3 Qe7 21. Qf4 Bg8 22. Bh3 Nc7 23. Nxe5 fxe5 24. Qd2 h5 25. Nc4 Bxc4 26. bxc4 Rd6 27. Rf5 g6 28. Rf3 Rf8 29. Rxf8+ Qxf8 30. Qg5 Qg7 31. Rf1 a5 32. Qd2 Ra6 33. Qg5 Rd6 34. Qd2 b6 35. Qg5 Kb7 36. Bf5 Ne8 37. Bh3 Rf6 38. Rb1 Nc7 39. Rf1 Rxf1+ 40. Kxf1 a4 41. Qd8 Kc6 42. Qb8 a3 43. Kg2 Qh6 44. Bc8 Qd2+ 45. Kh3 Qa5 46. Bb7+ Kd7 47. Qc8+ Kd6 48. Qd8+ Ke6 49. Bd5+ Nxd5 50. cxd5+ Kf7 51. d6 Ke6 52. Qe7# 1-0

[Event "14th Margaryan Memorial-IM 2024"]
[Site "Yerevan"]
[Date "2024.01.08"]
[Round "1.7"]
[White "Kaiyrbekov, Rustam"]
[Black "Pashikyan, Rudolf"]
[Result "0-1"]
[ECO "E06"]
[WhiteElo "2295"]
[BlackElo "2287"]
[Annotator "RC"]
[PlyCount "46"]
[EventDate "2024.01.08"]
[EventType "tourn"]
[EventCountry "ARM"]
[SourceTitle "playchess.com"]
[Source "ChessBase"]
[SourceQuality "1"]
[TimeControl "40/5400+30:1800+30"]

1. d4 Nf6 2. Nf3 d5 3. c4 e6 4. g3 Be7 5. Bg2 O-O 6. Qc2 c5 7. dxc5 d4 8. a3 a5 9. O-O Nc6 10. Rd1 e5 11. Nc3 Bxc5 12. Nd5 h6 13. Nh4 Re8 14. h3 e4 15. Nxf6+ Qxf6 16. Bxe4 d3 17. Qxd3 Qxf2+ 18. Kh1 Ne5 19. Qc3 Bxh3 20. b4 Ng4 21. Bg2 Bxg2+ 22. Nxg2 Rxe2 23. Ne1 Re7 0-1

[Event "14th Margaryan Memorial-IM 2024"]
[Site "Yerevan"]
[Date "2024.01.08"]
[Round "1.8"]
[White "Sagradov Sahakyan, Alexander"]
[Black "Putrenko, Kirill"]
[Result "0-1"]
[ECO "B90"]
[WhiteElo "1423"]
[BlackElo "2353"]
[Annotator "RC"]
[PlyCount "84"]
[EventDate "2024.01.08"]
[EventType "tourn"]
[EventCountry "ARM"]
[SourceTitle "playchess.com"]
[Source "ChessBase"]
[SourceQuality "1"]
[TimeControl "40/5400+30:1800+30"]

1. e4 c5 2. Nf3 d6 3. d4 cxd4 4. Nxd4 Nf6 5. Nc3 a6 6. h3 g6 7. Be3 Bg7 8. g4 O-O 9. Bg2 Nc6 10. O-O Nxd4 11. Bxd4 b5 12. e5 dxe5 13. Bxe5 Ra7 14. Qxd8 Rxd8 15. Rad1 Rad7 16. Rxd7 Rxd7 17. a4 b4 18. Na2 a5 19. Nc1 h5 20. Nb3 hxg4 21. Bc6 Ra7 22. Nc5 Bd7 23. Bb8 Bxc6 24. Bxa7 gxh3 25. f3 Nd5 26. Nd3 Bxa4 27. b3 Bd7 28. Kh2 Bf5 29. Rf2 Kf8 30. Bb8 Bd4 31. Rd2 Be3 32. Rd1 f6 33. Bg3 e6 34. Ra1 Bb6 35. Re1 Kf7 36. Re2 g5 37. Nb2 Ne3 38. Bf2 Bc7+ 39. Kh1 Nxc2 40. Nc4 Kg6 41. Bc5 Bd3 42. Rxe6 Bxc4 0-1

[Event "14th Margaryan Memorial-IM 2024"]
[Site "Yerevan"]
[Date "2024.01.08"]
[Round "1.9"]
[White "Hayrapetyan, Edgar"]
[Black "Ambartsumian, Tyhran"]
[Result "1-0"]
[ECO "C85"]
[WhiteElo "2233"]
[BlackElo "2224"]
[Annotator "RC"]
[PlyCount "71"]
[EventDate "2024.01.08"]
[EventType "tourn"]
[EventCountry "ARM"]
[SourceTitle "playchess.com"]
[Source "ChessBase"]
[SourceQuality "1"]
[TimeControl "40/5400+30:1800+30"]

1. e4 e5 2. Nf3 Nc6 3. Bb5 a6 4. Ba4 Nf6 5. O-O Be7 6. Bxc6 dxc6 7. d3 Nd7 8. Nbd2 c5 9. Nc4 f6 10. Nh4 Nf8 11. f4 Be6 12. Nf5 Bxc4 13. Nxg7+ Kf7 14. Nf5 Be6 15. Qh5+ Ng6 16. Nh6+ Ke8 17. f5 Qd4+ 18. Kh1 Bf7 19. Rf3 Qa4 20. Be3 Qxc2 21. Rg3 Rf8 22. Nxf7 Rxf7 23. fxg6 hxg6 24. Qxg6 Rd8 25. h4 Qxb2 26. Rf1 Qxa2 27. Qf5 Qe2 28. Rff3 Qa2 29. h5 Bf8 30. Rg8 Qb1+ 31. Kh2 Qb6 32. h6 Rdd7 33. Qg6 Kd8 34. Bg5 fxg5 35. Rxf8+ Rxf8 36. Rxf8+ 1-0

[Event "14th Margaryan Memorial-IM 2024"]
[Site "Yerevan"]
[Date "2024.01.08"]
[Round "1.10"]
[White "Gasparyan, Erik R."]
[Black "Rostomyan, Mikayel"]
[Result "1-0"]
[ECO "B31"]
[WhiteElo "2340"]
[BlackElo "2294"]
[Annotator "RC"]
[PlyCount "81"]
[EventDate "2024.01.08"]
[EventType "tourn"]
[EventCountry "ARM"]
[SourceTitle "playchess.com"]
[Source "ChessBase"]
[SourceQuality "1"]
[TimeControl "40/5400+30:1800+30"]

1. e4 c5 2. Nf3 Nc6 3. Bb5 g6 4. O-O Bg7 5. Re1 e5 6. Bxc6 dxc6 7. a4 Qe7 8. d3 Nh6 9. Na3 f6 10. a5 Nf7 11. Be3 Nd8 12. Nc4 Ne6 13. Nfd2 O-O 14. Ra4 Rb8 15. b4 b5 16. axb6 axb6 17. Ra1 b5 18. Na5 Bd7 19. bxc5 Nxc5 20. Ndb3 Ne6 21. d4 exd4 22. Nxd4 Nxd4 23. Bxd4 Rfd8 24. Nb3 Be6 25. Qf3 Bxb3 26. Qxb3+ Qf7 27. Qb4 Ra8 28. h4 h5 29. Rxa8 Rxa8 30. Qd6 Ra6 31. Re3 Bf8 32. Qb8 Ra4 33. c3 Qe7 34. Rg3 Qxe4 35. Bxf6 Qe1+ 36. Kh2 Rg4 37. Rf3 Qe6 38. g3 Qd5 39. Kg2 Qd6 40. Qe8 Qc7 41. Bg5 1-0

[Event "14th Margaryan Memorial-IM 2024"]
[Site "Yerevan"]
[Date "2024.01.09"]
[Round "2.6"]
[White "Zakaryan, David"]
[Black "Rostomyan, Mikayel"]
[Result "1-0"]
[ECO "D06"]
[WhiteElo "2299"]
[BlackElo "2294"]
[Annotator "RC"]
[PlyCount "81"]
[EventDate "2024.01.08"]
[EventType "tourn"]
[EventCountry "ARM"]
[SourceTitle "playchess.com"]
[Source "ChessBase"]
[SourceQuality "1"]
[TimeControl "40/5400+30:1800+30"]

1. Nf3 d5 2. d4 Bf5 3. c4 e6 4. Nc3 Nc6 5. Bf4 Nf6 6. e3 Ne4 7. Nd2 g5 8. Bg3 Nxg3 9. hxg3 Nb4 10. Rc1 c6 11. Nf3 dxc4 12. Bxc4 Nd5 13. Nxd5 exd5 14. Bd3 Bg4 15. Qb3 Qe7 16. Rxh7 Rxh7 17. Bxh7 Bg7 18. Qd3 Qf6 19. Ne5 Be6 20. Ke2 Qe7 21. Nf3 g4 22. Nh4 Bf6 23. Bf5 Bxh4 24. Bxe6 Qxe6 25. gxh4 Kd7 26. b4 a6 27. a4 g3 28. f3 f5 29. h5 Re8 30. f4 Qf7 31. Rh1 Rh8 32. b5 axb5 33. axb5 Ke6 34. h6 Kf6 35. bxc6 bxc6 36. Qa6 Qe6 37. Qb7 Qe4 38. Qxc6+ Kf7 39. Qc7+ Kf6 40. Qe5+ Kg6 41. Qg7# 1-0

[Event "14th Margaryan Memorial-IM 2024"]
[Site "Yerevan"]
[Date "2024.01.09"]
[Round "2.7"]
[White "Ambartsumian, Tyhran"]
[Black "Gasparyan, Erik R."]
[Result "0-1"]
[ECO "B51"]
[WhiteElo "2224"]
[BlackElo "2340"]
[Annotator "RC"]
[PlyCount "141"]
[EventDate "2024.01.08"]
[EventType "tourn"]
[EventCountry "ARM"]
[SourceTitle "playchess.com"]
[Source "ChessBase"]
[SourceQuality "1"]
[TimeControl "40/5400+30:1800+30"]

1. e4 c5 2. Nf3 d6 3. Bb5+ Nd7 4. Ba4 Ngf6 5. O-O a6 6. c4 e6 7. Nc3 Be7 8. d4 cxd4 9. Nxd4 O-O 10. Qe2 Qc7 11. Kh1 Nb6 12. Bb3 Bd7 13. f4 Rac8 14. e5 Ne8 15. exd6 Nxd6 16. c5 Qxc5 17. Be3 Nbc4 18. Bg1 Qa5 19. Rac1 Rfe8 20. Ne4 Nxe4 21. Rxc4 Nd2 22. Rxc8 Rxc8 23. Rd1 Nxb3 24. Nxb3 Qb5 25. Qd2 Be8 26. h3 h6 27. Nd4 Qd5 28. a3 Bf6 29. Be3 Qe4 30. Qf2 Rd8 31. Rd2 Rd5 32. Nf3 Qb1+ 33. Kh2 Rxd2 34. Nxd2 Qc2 35. Bd4 Bxd4 36. Qxd4 Bc6 37. Qd8+ Kh7 38. Qd4 Bd5 39. Kg1 Qg6 40. Qf2 Qf6 41. Nf1 g5 42. g3 Qf5 43. Ne3 Qb1+ 44. Qf1 Qxf1+ 45. Kxf1 Be4 46. Kf2 Kg6 47. Nc4 f6 48. b4 Bd5 49. Nb6 Bc6 50. Nc4 gxf4 51. gxf4 Kf5 52. Ke3 e5 53. fxe5 fxe5 54. Nd6+ Ke6 55. Nc4 Bd5 56. Nb6 Bg2 57. h4 Kf5 58. Nc4 Bd5 59. Nb6 Bc6 60. Nc4 h5 61. a4 Bxa4 62. Nd6+ Kg4 63. Nxb7 Kxh4 64. Nc5 Bc6 65. Nd3 Kg3 66. Nxe5 h4 67. Nxc6 h3 68. b5 axb5 69. Nd4 h2 70. Nf5+ Kh3 71. Kd4 0-1

[Event "14th Margaryan Memorial-IM 2024"]
[Site "Yerevan"]
[Date "2024.01.09"]
[Round "2.8"]
[White "Putrenko, Kirill"]
[Black "Hayrapetyan, Edgar"]
[Result "1/2-1/2"]
[ECO "D50"]
[WhiteElo "2353"]
[BlackElo "2233"]
[Annotator "RC"]
[PlyCount "85"]
[EventDate "2024.01.08"]
[EventType "tourn"]
[EventCountry "ARM"]
[SourceTitle "playchess.com"]
[Source "ChessBase"]
[SourceQuality "1"]
[TimeControl "40/5400+30:1800+30"]

1. d4 Nf6 2. c4 e6 3. Nf3 d5 4. Nc3 c5 5. cxd5 cxd4 6. Qxd4 exd5 7. Bg5 Be7 8. e3 O-O 9. Be2 Nc6 10. Qd3 h6 11. Bh4 Be6 12. O-O Qb6 13. Rfd1 Rac8 14. a3 Na5 15. Qb5 Qxb5 16. Bxb5 Nc4 17. Bxc4 Rxc4 18. Bg3 Rfc8 19. Ne5 R4c5 20. Nd3 R5c6 21. Be5 Ne4 22. Nf4 Nxc3 23. Bxc3 Rd8 24. h3 Bd6 25. Ne2 Rdc8 26. Rd2 Rc4 27. Rad1 b5 28. Rd4 Rxd4 29. Rxd4 Rc4 30. Rd1 a6 31. Kf1 f6 32. Ke1 Kf7 33. Kd2 g5 34. Nd4 h5 35. b3 Rc8 36. Bb2 Bd7 37. Rc1 Rxc1 38. Kxc1 h4 39. b4 Be5 40. Kd2 Bxd4 41. Bxd4 Bxh3 42. gxh3 g4 43. Ke1 1/2-1/2

[Event "14th Margaryan Memorial-IM 2024"]
[Site "Yerevan"]
[Date "2024.01.09"]
[Round "2.9"]
[White "Pashikyan, Rudolf"]
[Black "Sagradov Sahakyan, Alexander"]
[Result "1-0"]
[ECO "B40"]
[WhiteElo "2287"]
[BlackElo "1423"]
[Annotator "RC"]
[PlyCount "77"]
[EventDate "2024.01.08"]
[EventType "tourn"]
[EventCountry "ARM"]
[SourceTitle "playchess.com"]
[Source "ChessBase"]
[SourceQuality "1"]
[TimeControl "40/5400+30:1800+30"]

1. e4 c5 2. Nf3 e6 3. b3 Nc6 4. Bb2 a6 5. c4 Nf6 6. e5 Ng4 7. h3 Nh6 8. Nc3 Nf5 9. Bd3 Nfd4 10. Ne4 Nxf3+ 11. Qxf3 d5 12. exd6 f5 13. Ng3 Qxd6 14. O-O Bd7 15. a3 O-O-O 16. b4 cxb4 17. c5 Qc7 18. Rfc1 Be7 19. axb4 Nxb4 20. Bc4 Qc6 21. Qb3 Nd5 22. Nxf5 exf5 23. Bxd5 Qb5 24. Qc2 Bc6 25. Qxf5+ Rd7 26. Bxg7 Bxd5 27. c6 Bxc6 28. Qxb5 axb5 29. Ra8+ Kc7 30. Be5+ Kb6 31. Rxh8 Bg5 32. f4 Bh4 33. Bc3 Be4 34. Ra8 b4 35. Bxb4 h5 36. Rh8 Rd5 37. Rh6+ Kb5 38. Rc5+ Rxc5 39. Bxc5 1-0

[Event "14th Margaryan Memorial-IM 2024"]
[Site "Yerevan"]
[Date "2024.01.09"]
[Round "2.10"]
[White "Lomsadze, Davit"]
[Black "Kaiyrbekov, Rustam"]
[Result "1/2-1/2"]
[ECO "A30"]
[WhiteElo "2253"]
[BlackElo "2295"]
[Annotator "RC"]
[PlyCount "95"]
[EventDate "2024.01.08"]
[EventType "tourn"]
[EventCountry "ARM"]
[SourceTitle "playchess.com"]
[Source "ChessBase"]
[SourceQuality "1"]
[TimeControl "40/5400+30:1800+30"]

1. Nf3 c5 2. g3 b6 3. Bg2 Bb7 4. c4 Nf6 5. O-O e6 6. b3 Be7 7. Bb2 d6 8. d4 cxd4 9. Nxd4 Bxg2 10. Kxg2 Qc7 11. e3 Nbd7 12. Nc3 a6 13. f4 O-O 14. Qf3 Rac8 15. Rac1 Rfe8 16. g4 g6 17. g5 Nh5 18. Ne4 Nc5 19. Nf2 Bf8 20. Ne2 Qb7 21. Qxb7 Nxb7 22. Ng3 Bg7 23. Bxg7 Nxg7 24. Ng4 Red8 25. Nf6+ Kh8 26. b4 Ne8 27. Nxe8 Rxe8 28. Ne4 Kg7 29. Rfd1 Red8 30. Kf3 h5 31. gxh6+ Kxh6 32. h4 Kg7 33. h5 gxh5 34. f5 Kf8 35. fxe6 fxe6 36. Rh1 Ke7 37. Rxh5 Rf8+ 38. Ke2 d5 39. Ng5 Nd6 40. c5 bxc5 41. Rxc5 Rxc5 42. bxc5 Nf5 43. Kd3 Rc8 44. e4 Ng3 45. Rh3 Nxe4 46. Nxe4 dxe4+ 47. Kd4 Rd8+ 48. Kxe4 1/2-1/2

[Event "14th Margaryan Memorial-IM 2024"]
[Site "Yerevan"]
[Date "2024.01.10"]
[Round "3.6"]
[White "Kaiyrbekov, Rustam"]
[Black "Zakaryan, David"]
[Result "0-1"]
[ECO "A48"]
[WhiteElo "2295"]
[BlackElo "2299"]
[Annotator "RC"]
[PlyCount "88"]
[EventDate "2024.01.08"]
[EventType "tourn"]
[EventCountry "ARM"]
[SourceTitle "playchess.com"]
[Source "ChessBase"]
[SourceQuality "1"]
[TimeControl "40/5400+30:1800+30"]

1. d4 Nf6 2. Nf3 g6 3. Bg5 Bg7 4. Nbd2 O-O 5. c3 h6 6. Bh4 d6 7. e4 c5 8. Be2 cxd4 9. cxd4 Nh5 10. Nb3 a5 11. a4 Qb6 12. O-O g5 13. Bg3 Nxg3 14. hxg3 Bg4 15. Qd3 Nc6 16. Rfd1 Nb4 17. Qb5 Qa7 18. Rac1 b6 19. Bf1 Bd7 20. Qe2 Bxa4 21. Qe3 Rac8 22. e5 Qd7 23. Nfd2 Qe6 24. Bc4 Qg6 25. f4 Bd7 26. Nf3 b5 27. Be2 Nd5 28. Qd2 gxf4 29. gxf4 a4 30. Na5 Qg3 31. f5 Nf4 32. Bd3 Rxc1 33. Rxc1 Nxd3 34. Qxd3 Qf4 35. Rc7 Bxf5 36. Qxb5 Be4 37. Qxa4 Bxf3 38. gxf3 Qg3+ 39. Kf1 Qxf3+ 40. Ke1 Ra8 41. Qb4 dxe5 42. dxe5 Bxe5 43. Rxe7 Bg3+ 44. Kd2 Rd8+ 0-1

[Event "14th Margaryan Memorial-IM 2024"]
[Site "Yerevan"]
[Date "2024.01.10"]
[Round "3.7"]
[White "Sagradov Sahakyan, Alexander"]
[Black "Lomsadze, Davit"]
[Result "1-0"]
[ECO "C54"]
[WhiteElo "1423"]
[BlackElo "2253"]
[Annotator "RC"]
[PlyCount "71"]
[EventDate "2024.01.08"]
[EventType "tourn"]
[EventCountry "ARM"]
[SourceTitle "playchess.com"]
[Source "ChessBase"]
[SourceQuality "1"]
[TimeControl "40/5400+30:1800+30"]

1. e4 e5 2. Nf3 Nc6 3. Bc4 Bc5 4. c3 Nf6 5. d4 exd4 6. e5 d5 7. Bb5 Ne4 8. cxd4 Bb4+ 9. Nbd2 O-O 10. a3 Bxd2+ 11. Bxd2 Bg4 12. Be3 f5 13. exf6 Qxf6 14. Be2 Kh8 15. O-O Rae8 16. Rc1 Nd6 17. Rc5 Be6 18. b4 a6 19. a4 Nxb4 20. Rxc7 Nc6 21. Bg5 Qg6 22. Bh4 Bg4 23. Bg3 Rxe2 24. Qxe2 Bxf3 25. gxf3 Nf5 26. Kh1 Ncxd4 27. Qd1 Qh5 28. Be5 Nxf3 29. Rg1 d4 30. Rcxg7 Nxg7 31. Bxg7+ Kg8 32. Bxd4+ Kf7 33. Rg7+ Ke6 34. Qb3+ Kd6 35. Qb6+ Kd5 36. Qc5+ 1-0

[Event "14th Margaryan Memorial-IM 2024"]
[Site "Yerevan"]
[Date "2024.01.10"]
[Round "3.8"]
[White "Hayrapetyan, Edgar"]
[Black "Pashikyan, Rudolf"]
[Result "1-0"]
[ECO "D39"]
[WhiteElo "2233"]
[BlackElo "2287"]
[Annotator "RC"]
[PlyCount "102"]
[EventDate "2024.01.08"]
[EventType "tourn"]
[EventCountry "ARM"]
[SourceTitle "playchess.com"]
[Source "ChessBase"]
[SourceQuality "1"]
[TimeControl "40/5400+30:1800+30"]

1. d4 Nf6 2. c4 e6 3. Nf3 d5 4. Nc3 dxc4 5. e4 Bb4 6. Bg5 h6 7. Bxf6 Qxf6 8. Bxc4 c5 9. O-O cxd4 10. Qa4+ Nc6 11. Nd5 exd5 12. exd5 O-O 13. dxc6 Bc5 14. Rac1 Qd6 15. Rfe1 b6 16. Ne5 Bf5 17. Qb3 Qc7 18. Qf3 Be6 19. Bxe6 fxe6 20. Qg4 Rae8 21. h4 a5 22. a3 Qd6 23. Rcd1 Rf5 24. Qe4 Ref8 25. Nd7 d3 26. Qxe6+ Qxe6 27. Rxe6 Bxf2+ 28. Kh2 Rc8 29. Rxd3 Kf7 30. Re2 Bxh4 31. g4 Rb5 32. Rc2 Ke6 33. c7 Ke7 34. b3 Bf6 35. Re2+ Kf7 36. Nxf6 Kxf6 37. Rd6+ Kg5 38. Re7 Rc5 39. Rxg7+ Kf4 40. Rf6+ Ke5 41. Rxb6 R8xc7 42. Rxc7 Rxc7 43. Rb5+ Kf4 44. Kh3 Rc1 45. Rf5+ Ke4 46. Rxa5 Rc3+ 47. Kh4 Rxb3 48. Ra6 Ke5 49. a4 Ra3 50. a5 Ra1 51. Rxh6 Kd5 1-0

[Event "14th Margaryan Memorial-IM 2024"]
[Site "Yerevan"]
[Date "2024.01.10"]
[Round "3.9"]
[White "Gasparyan, Erik R."]
[Black "Putrenko, Kirill"]
[Result "1-0"]
[ECO "B72"]
[WhiteElo "2340"]
[BlackElo "2353"]
[Annotator "RC"]
[PlyCount "121"]
[EventDate "2024.01.08"]
[EventType "tourn"]
[EventCountry "ARM"]
[SourceTitle "playchess.com"]
[Source "ChessBase"]
[SourceQuality "1"]
[TimeControl "40/5400+30:1800+30"]

1. e4 c5 2. Nf3 d6 3. d4 cxd4 4. Nxd4 Nf6 5. Nc3 a6 6. Bd3 g6 7. Be3 Bg7 8. f3 Nbd7 9. Qd2 b5 10. a4 b4 11. Nce2 d5 12. Qxb4 Qc7 13. Qc3 Qd6 14. Nb3 O-O 15. Bd4 e5 16. Bc5 Nxc5 17. Qxc5 Qxc5 18. Nxc5 dxe4 19. fxe4 Bh6 20. Nc3 Be3 21. Nb3 a5 22. Ke2 Bb6 23. Rhf1 Nh5 24. Nd5 Bd8 25. Nd2 Be6 26. Nc4 Bxd5 27. exd5 Nf4+ 28. Kf3 Rc8 29. Nxe5 Nxd5 30. c3 Nb6 31. Bb5 Bf6 32. Rae1 Kg7 33. Re4 Rc5 34. Nc6 Rc8 35. Nd4 Nc4 36. Bxc4 Rxc4 37. Nb5 Rxe4 38. Kxe4 Rd8 39. Rf2 Rd1 40. Rc2 Be7 41. Nd4 Bc5 42. Kd5 Bb6 43. Kc4 h5 44. Nc6 Bc7 45. h3 g5 46. b4 Ra1 47. Kb5 axb4 48. cxb4 g4 49. a5 Bh2 50. hxg4 hxg4 51. Ka6 f5 52. Kb7 f4 53. a6 Bg1 54. Rc4 Rf1 55. Nd4 Re1 56. a7 Re7+ 57. Rc7 Rxc7+ 58. Kxc7 Bxd4 59. a8=Q f3 60. gxf3 g3 61. f4 1-0

[Event "14th Margaryan Memorial-IM 2024"]
[Site "Yerevan"]
[Date "2024.01.10"]
[Round "3.10"]
[White "Rostomyan, Mikayel"]
[Black "Ambartsumian, Tyhran"]
[Result "1-0"]
[ECO "E62"]
[WhiteElo "2294"]
[BlackElo "2224"]
[Annotator "RC"]
[PlyCount "85"]
[EventDate "2024.01.08"]
[EventType "tourn"]
[EventCountry "ARM"]
[SourceTitle "playchess.com"]
[Source "ChessBase"]
[SourceQuality "1"]
[TimeControl "40/5400+30:1800+30"]

1. d4 Nf6 2. c4 g6 3. Nf3 Bg7 4. Nc3 O-O 5. g3 d6 6. Bg2 c6 7. O-O Bf5 8. Nh4 Be6 9. d5 cxd5 10. cxd5 Bd7 11. Be3 Na6 12. Bd4 Qa5 13. a3 Rfc8 14. b4 Qd8 15. Qd3 Ng4 16. Bxg7 Kxg7 17. Nf3 Qb6 18. h3 Nf6 19. Nd2 Qd8 20. Rac1 Rc7 21. e4 Rac8 22. f4 e5 23. Nb3 Qe7 24. Ne2 Ba4 25. Nd2 Rxc1 26. Rxc1 Rxc1+ 27. Nxc1 Qc7 28. Ncb3 Qb6+ 29. Kh2 exf4 30. gxf4 Bxb3 31. Nxb3 Qf2 32. Qf3 Qb2 33. Na5 Nh5 34. Nc4 Qc1 35. Nxd6 Nxf4 36. Qf1 Qd2 37. Nc4 Qc3 38. Qxf4 Qxc4 39. Qe5+ Kf8 40. d6 f6 41. Qe7+ Kg8 42. d7 Qc7+ 43. e5 1-0

[Event "14th Margaryan Memorial-IM 2024"]
[Site "Yerevan"]
[Date "2024.01.11"]
[Round "4.6"]
[White "Zakaryan, David"]
[Black "Ambartsumian, Tyhran"]
[Result "1/2-1/2"]
[ECO "C47"]
[WhiteElo "2299"]
[BlackElo "2224"]
[Annotator "RC"]
[PlyCount "140"]
[EventDate "2024.01.08"]
[EventType "tourn"]
[EventCountry "ARM"]
[SourceTitle "playchess.com"]
[Source "ChessBase"]
[SourceQuality "1"]
[TimeControl "40/5400+30:1800+30"]

1. e4 e5 2. Nf3 Nc6 3. d4 exd4 4. Nxd4 Nf6 5. Nc3 Bb4 6. Nxc6 bxc6 7. Bd3 d5 8. exd5 O-O 9. O-O cxd5 10. h3 c6 11. Qf3 Rb8 12. Bf4 Bd6 13. b3 Rb4 14. Ne2 c5 15. c3 Rb7 16. Rad1 Re7 17. Bg5 Be5 18. Nf4 d4 19. Nh5 Qd6 20. Nxf6+ Bxf6 21. Bxf6 Qxf6 22. Qxf6 gxf6 23. cxd4 cxd4 24. Rfe1 Rxe1+ 25. Rxe1 Be6 26. Rc1 a5 27. Rc6 Rd8 28. Kf1 Rd5 29. Bc4 Re5 30. Rd6 Bxc4+ 31. bxc4 Re4 32. c5 d3 33. Rxd3 Rc4 34. Rd5 Kf8 35. Ke2 Ke7 36. Kd3 Rc1 37. c6 Rxc6 38. Rxa5 Rc1 39. Rb5 Rg1 40. g3 Ra1 41. Rb2 f5 42. Kc4 f4 43. Kb5 fxg3 44. fxg3 h5 45. a4 Ra3 46. a5 Rxg3 47. a6 Ra3 48. Rb4 Kd6 49. Kb6 Rxh3 50. a7 Ra3 51. Rb5 Rxa7 52. Kxa7 Ke6 53. Rxh5 f5 54. Kb6 Ke5 55. Kc5 Ke4 56. Rh8 f4 57. Re8+ Kd3 58. Rf8 Ke3 59. Re8+ Kd3 60. Rd8+ Ke3 61. Kc4 f3 62. Re8+ Kd2 63. Rf8 Ke3 64. Re8+ Kd2 65. Rd8+ Ke3 66. Kc3 f2 67. Re8+ Kf3 68. Kd2 f1=Q 69. Rf8+ Kg2 70. Rxf1 Kxf1 1/2-1/2

[Event "14th Margaryan Memorial-IM 2024"]
[Site "Yerevan"]
[Date "2024.01.11"]
[Round "4.7"]
[White "Putrenko, Kirill"]
[Black "Rostomyan, Mikayel"]
[Result "1-0"]
[ECO "E52"]
[WhiteElo "2353"]
[BlackElo "2294"]
[Annotator "RC"]
[PlyCount "69"]
[EventDate "2024.01.08"]
[EventType "tourn"]
[EventCountry "ARM"]
[SourceTitle "playchess.com"]
[Source "ChessBase"]
[SourceQuality "1"]
[TimeControl "40/5400+30:1800+30"]

1. d4 Nf6 2. c4 e6 3. Nc3 Bb4 4. e3 O-O 5. Bd2 d5 6. Nf3 b6 7. cxd5 exd5 8. Rc1 Bb7 9. Bd3 Nbd7 10. O-O a6 11. Ne5 Bd6 12. f4 c5 13. Qf3 b5 14. Qh3 Nb6 15. dxc5 Bxc5 16. Nxb5 axb5 17. Rxc5 Ne4 18. Bb4 Re8 19. Bxb5 Nxc5 20. Bxe8 Qxe8 21. Bxc5 Nc4 22. Nxc4 dxc4 23. a3 Qc6 24. Bd4 Re8 25. Qg3 f6 26. h3 Kf7 27. Rd1 Qe4 28. Rd2 Bc6 29. Qg4 Rd8 30. Qe2 Bd5 31. Bc3 f5 32. Be5 g6 33. Kh2 Ke6 34. Rd4 Qb1 35. e4 1-0

[Event "14th Margaryan Memorial-IM 2024"]
[Site "Yerevan"]
[Date "2024.01.11"]
[Round "4.8"]
[White "Pashikyan, Rudolf"]
[Black "Gasparyan, Erik R."]
[Result "1/2-1/2"]
[ECO "A17"]
[WhiteElo "2287"]
[BlackElo "2340"]
[Annotator "RC"]
[PlyCount "47"]
[EventDate "2024.01.08"]
[EventType "tourn"]
[EventCountry "ARM"]
[SourceTitle "playchess.com"]
[Source "ChessBase"]
[SourceQuality "1"]
[TimeControl "40/5400+30:1800+30"]

1. Nf3 Nf6 2. c4 e6 3. Nc3 Bb4 4. Qc2 d5 5. e3 O-O 6. b3 b6 7. Bb2 Bb7 8. Be2 dxc4 9. bxc4 c5 10. O-O Qe7 11. a3 Ba5 12. Na2 Rd8 13. Nc1 Bc6 14. Rd1 Nbd7 15. Ne5 Nxe5 16. Bxe5 Ng4 17. Bg3 h5 18. Nb3 Ba4 19. Qb2 Bxb3 20. Qxb3 Rxd2 21. Rxd2 Bxd2 22. Rd1 Rd8 23. Qc2 Ba5 24. h3 1/2-1/2

[Event "14th Margaryan Memorial-IM 2024"]
[Site "Yerevan"]
[Date "2024.01.11"]
[Round "4.9"]
[White "Lomsadze, Davit"]
[Black "Hayrapetyan, Edgar"]
[Result "0-1"]
[ECO "A36"]
[WhiteElo "2253"]
[BlackElo "2233"]
[Annotator "TA"]
[PlyCount "64"]
[EventDate "2024.01.08"]
[EventType "tourn"]
[EventCountry "ARM"]
[SourceTitle "playchess.com"]
[Source "ChessBase"]
[SourceQuality "1"]
[TimeControl "40/5400+30:1800+30"]

1. e4 c5 2. c4 Nc6 3. Nc3 g6 4. g3 Bg7 5. Bg2 d6 6. Nge2 e6 7. O-O Nge7 8. d3 O-O 9. Be3 Nd4 10. Rb1 Nec6 11. a3 Rb8 12. b4 b6 13. f4 f5 {[%emt 0:04:59] The position is equal.} 14. Bf2 Bb7 15. Nxd4 (15. exf5 {seems wilder.} Nxf5 16. Ne4 Ncd4 17. Nxd4 Bxd4 18. Qe2) 15... Nxd4 16. exf5 Bxg2 17. Kxg2 {[%emt 0:01:24] [#] aiming for fxg6.} gxf5 18. Bxd4 cxd4 19. Ne2 e5 20. Ng1 e4 {[%emt 0:05:36] Inhibits Qf3.} 21. dxe4 fxe4 {[%emt 0:00:02] Strongly threatening ...Qc8.} 22. Qh5 {[%emt 0:00:10] [#]} d5 $1 23. cxd5 Qd7 {[%emt 0:01:07] Hoping for ...d3.} 24. g4 $2 {[%emt 0:05:36] White does not recover from this.} (24. Rfe1 $17 {keeps fighting.} Rf5 25. Qd1) 24... d3 $19 25. Nh3 $2 (25. Rbd1 {was the only chance.} Qb5 26. d6) 25... e3 26. Rf3 Rbe8 {[%emt 0:00:07] ...d2 is the strong threat.} 27. Ng5 h6 {[%emt 0:00:05] Active counter play!} 28. Ne6 Rxe6 29. dxe6 Qxe6 {[%emt 0:00:04] And now ...e2 would win.} 30. Rg1 e2 31. Rxd3 Qe4+ 32. Rf3 Rxf4 {[%emt 0:00:11] Weighted Error Value: White=0.96/Black=0.03 (flawless) .  Loses game:     	White=1     	---        Mistake:       	White=1     	---        Inaccurate:     	White=5     	Black=1      OK:         	White=2     	Black=7      Best:        	---       	Black=2      Brilliant:      	---       	Black=1} ({Less strong is} 32... e1=B 33. Qb5 $17) 0-1